 Dungeon Crawl Stone Soup version 0.31.0-11-ge490571c62 (webtiles) character file.

Game seed: 2769776864851603006

21 James the Grave Robber (level 2, 0/20 HPs)
             Began as a Human Necromancer on Feb 8, 2024.
             Slain by a bat (1 damage)
             ... on level 2 of the Dungeon.
             The game lasted 00:01:44 (769 turns).

James the Grave Robber (Human Necromancer)           Turns: 769, Time: 00:01:45

Health: 0/20       AC:  2    Str:  8    XL:     2   Next: 83%
Magic:  4/6        EV: 12    Int: 15    God:
Gold:   35         SH:  0    Dex: 13    Spells: 6/7 levels left

rFire   . . .        a - +0 short sword
rCold   . . .        (no shield)
rNeg    . . .        d - +0 robe
rPois   .            (no helmet)
rElec   .            (no cloak)
rCorr   .            (no gloves)
SInv    .            (no boots)
Will    .....        (no amulet)
Stlth   ++           (no ring)
HPRegen 0.23/turn    (no ring)
MPRegen 0.10/turn

%: no passive effects
@: no status effects
A: explore regen
a: no special abilities


You were on level 2 of the Dungeon.
You visited 1 branch of the dungeon, and saw 2 of its levels.

You collected 35 gold pieces.

Inventory:

Hand Weapons
 a - a +0 short sword (weapon)
   (You took it off a kobold on level 1 of the Dungeon)
Missiles
 c - 17 stones
 e - 5 poisoned darts
 g - a throwing net {!f}
Armour
 d - a +0 robe (worn)
 f - a +0 chain mail
   (You found it on level 1 of the Dungeon)
 n - a +0 plate armour
   (You found it on level 1 of the Dungeon)
Scrolls
 h - a scroll of identify {unknown}
 k - 3 scrolls of noise {unknown}
 l - a scroll of immolation {unknown}
 m - a scroll of enchant armour {unknown}
Potions
 b - 2 potions of magic
 i - a potion of heal wounds {unknown}
 j - a potion of degeneration {unknown}


   Skills:
 + Level 0.6 Fighting
 - Level 2.0 Dodging
 - Level 2.0 Stealth
 - Level 3.0 Spellcasting
 - Level 4.0 Necromancy


You had 6 spell levels left.
You knew the following spells:

 Your Spells              Type           Power      Damage    Failure   Level
a - Necrotise             Necr           56%        1d6       3%          1

Your spell library contained the following spells:

 Spells                   Type           Power      Damage    Failure   Level
 Vampiric Draining        Necr           14%        2d7       12%         3
 Animate Dead             Necr           14%        N/A       36%         4
 Curse of Agony           Necr           14%        N/A       71%         5


Dungeon Overview and Level Annotations

Branches:
Dungeon (2/15)

Altars:


Innate Abilities, Weirdness & Mutations

You regain HP and MP as you explore.


Message History

Search for what [? for help]? .
Unknown command.
There is a stone staircase leading down here.
You climb downwards.
There is a stone staircase leading up here.
A hobgoblin and an endoplasm come into view.
Found 16 gold pieces.
A bat comes into view.
Found a dagger.
The helpless bat fails to defend itself.
You hit the bat.
You kill the bat!
Found a glowing ruby potion.
The endoplasm quivers.
The endoplasm freezes you.
You are frozen.
You hit the endoplasm but do no damage.
The hobgoblin shouts!
The endoplasm barely misses you.
You hit the endoplasm.
The endoplasm hits you but does no damage.
You hit the endoplasm but do no damage.
A bat comes into view.
The hobgoblin hits you. The endoplasm barely misses you.
You hit the endoplasm. The hobgoblin hits you.
* * * LOW HITPOINT WARNING * * *
The endoplasm barely misses you.
You completely miss the endoplasm. The bat hits you.
* * * LOW HITPOINT WARNING * * *
The hobgoblin barely misses you. The endoplasm freezes you.
You are frozen.
* * * LOW HITPOINT WARNING * * *
The bat closely misses you.
Found a pink potion.
The endoplasm attacks as it pursues you!
The endoplasm hits you.
* * * LOW HITPOINT WARNING * * *
Press: ? - help, Shift-Dir - straight line, f - bat
Aim: a bat (chance to affect: 84%)
The bat writhes in agony.
The bat barely misses you. The endoplasm freezes you.
You are frozen.
* * * LOW HITPOINT WARNING * * *
Press: ? - help, Shift-Dir - straight line, f - endoplasm
Aim: an endoplasm (almost dead, chance to affect: 84%)
The endoplasm writhes in agony.
You kill the endoplasm!
The bat hits you.
You die...

!# ..#.#!#.# #..#...#.#
##..#.#...# #...#.#...#
# #..##.#...#.#
#..#.g......#
#..#@#....###.
##.#.#####..#.b...$....
.......<....#)...#.####
##.#.######.#....#.#
.................
#######...##.#....
#...........
##.###.##### #.# .#


You could see a hobgoblin and a bat.

Vanquished Creatures
  2 ball pythons (D:1)
  2 bats
  4 endoplasms
  A giant cockroach (D:1)
  3 hobgoblins (D:1)
  A quokka (D:1)
  2 kobolds (D:1)
  3 rats (D:1)
18 creatures vanquished.

Vanquished Creatures (collateral kills)
  A hobgoblin (D:1)
1 creature vanquished.

Grand Total: 19 creatures vanquished

Notes
Turn   | Place    | Note
-------+----------+-------------------------------------------
     0 | D:1      | James the Human Necromancer began the quest for the Orb.
     0 | D:1      | Reached XP level 1. HP: 13/13 MP: 3/3
   209 | D:1      | Reached XP level 2. HP: 19/19 MP: 2/5
   768 | D:2      | HP: 1/20 [frozen (2)]
   769 | D:2      | Slain by a bat

Illustrated notes

Levels and vault maps discovered:
D:1:      dpeg_arrival_concentric_ovals, layout_basic
D:2:      layout_basic

Skill      XL: |  1  2 |
---------------+-------+-----
Spellcasting   | 3 |  3.0
Fighting       | |  0.6
Dodging        | |  2.0
Stealth        | |  2.0
Necromancy     | |  4.0

Action                     || total
---------------------------++-------
  Melee: Short sword       ||    46
   Cast: Necrotise         ||    15
   Stab: Sleeping          ||     4
 Armour: Robe              ||    15
  Dodge: Dodged            ||    33
